Map: Deathaura LE

Players

Erik

  • Race: Zerg Zerg
  • Spawn Location: 5:00

JimRising - Winner!

  • Race: Zerg Zerg
  • League: Master
  • Spawn Location: 11:00

Event: DreamHack SC2 Masters 2020 Winter

VOD

Have the link to the VOD?

Description

Time

  • Played on: Oct. 21, 2020, 4:46 p.m.
  • Length: 6:42

All games in this series

Show
View Real Time Build Order
Export as new Build Order

Erik Zerg 

Build Orders: Hatch First 

Get SALT Encoding   

  12  0:00  Drone  
  13  0:10  Drone  
  14  0:15  Drone, Extractor  
  15  0:37  Hatchery  
  15  0:41  Drone, Extractor  
  15  0:48  Overlord  
  15  1:03  Spawning Pool  
  14  1:06  Drone  
  14  1:09  Extractor  
  14  1:11  Drone  
  14  1:15  Drone  
  16  1:20  Drone  
  17  1:28  Drone  
  18  1:39  Drone  
  19  1:49  Queen x2  
  19  1:51  Drone  
  24  1:55  Drone  
  24  1:59  Drone  
  26  2:03  Overlord  
  26  2:10  Drone  
  26  2:11  Drone  
  28  2:16  Metabolic Boost  
  28  2:22  Drone x2  
  30  2:29  Queen  
  32  2:34  Overlord  
  32  2:38  Drone  
  33  2:44  Drone  
  33  2:46  Baneling Nest  
  33  2:53  Drone x2  
  35  2:59  Drone x4  
  35  3:04  Evolution Chamber  
  35  3:05  Drone x2  
  40  3:11  Overlord  
  40  3:16  Zergling x2  
  41  3:28  Roach Warren  
  41  3:29  Hatchery  
  41  3:32  Zerg Ground Armor Level 1  
  40  3:36  Extractor  
  40  3:39  Zergling x8  
  43  3:42  Drone x2  
  45  3:48  Overlord  
  45  3:51  Drone x3  
  48  3:59  Drone  
  48  4:00  Lair  
  49  4:04  Extractor  
  48  4:10  Drone  
  48  4:12  Overlord  
  48  4:13  Roach x3  
  55  4:18  Roach  
  55  4:20  Roach  
  58  4:32  Drone  
  58  4:34  Drone x3  
  58  4:35  Overlord  
  58  4:36  Roach  
  64  4:43  Pneumatized Carapace  
  63  4:48  Drone x2  
  63  4:49  Drone x2  
  67  4:57  Overlord  
  67  4:58  Roach x3  
  67  4:59  Overseer  
  72  5:07  Extractor  
  71  5:15  Zergling x2  
  71  5:16  Zergling x16  
  79  5:21  Glial Reconstitution  
  79  5:28  Roach x5  
  89  5:31  Overlord x2  
  89  5:45  Overlord  
  85  5:51  Roach  
  85  5:52  Roach x4  
  93  6:01  Roach  
  93  6:02  Roach x2  
  98  6:08  Roach x2  
  80  6:21  Roach x2  
Show
View Real Time Build Order
Export as new Build Order

JimRising Zerg - Winner!

Build Orders: Hatch First, Roach Nydus 

Get SALT Encoding   

  12  0:00  Drone  
  13  0:13  Overlord  
  13  0:17  Drone  
  14  0:32  Drone x2  
  16  0:48  Hatchery  
  15  0:51  Drone  
  15  0:55  Drone  
  17  0:59  Drone  
  18  1:13  Spawning Pool  
  18  1:15  Drone  
  18  1:20  Extractor  
  17  1:28  Drone  
  17  1:30  Drone  
  19  1:39  Drone  
  20  1:54  Overlord  
  20  1:59  Queen x2  
  25  2:01  Zergling x2  
  25  2:02  Overlord  
  25  2:10  Drone  
  25  2:12  Drone  
  27  2:22  Drone  
  28  2:26  Drone  
  29  2:34  Drone x2  
  29  2:35  Queen  
  34  2:44  Drone x2  
  34  2:54  Evolution Chamber, Drone x2  
  35  3:00  Roach Warren  
  34  3:09  Drone x8  
  42  3:17  Lair  
  42  3:20  Zerg Missile Weapons Level 1  
  42  3:25  Drone x2  
  44  3:27  Extractor  
  43  3:35  Drone  
  43  3:36  Extractor, Overlord  
  43  3:39  Overlord  
  43  3:45  Overlord  
  43  3:46  Overlord  
  43  3:47  Drone  
  44  4:00  Drone x2  
  44  4:02  Overlord  
  48  4:03  Roach x2  
  48  4:08  Roach  
  52  4:12  Overlord  
  52  4:13  Roach x3  
  58  4:19  Glial Reconstitution  
  58  4:20  Roach  
  58  4:21  Roach x2  
  64  4:27  Roach  
  66  4:31  Roach  
  66  4:37  Roach  
  70  4:42  Extractor  
  69  4:47  Drone x2  
  69  4:48  Drone, Nydus Network  
  69  4:49  Roach  
  69  4:51  Drone, Overlord x2  
  76  4:53  Roach  
  76  4:56  Roach  
  78  5:11  Roach x2  
  82  5:19  Roach x3  
  82  5:20  Roach x4  
  96  5:26  Nydus Canal  
  96  5:30  Roach x2  
  100  5:39  Roach  
  100  5:42  Nydus Canal  
  103  5:57  Drone x3  
  103  5:58  Spire  
  103  6:03  Drone x5  
  97  6:24  Nydus Canal  
Tags
 
Add a new tag
Caveats
  • Supply blocks, unpowered buildings, or Contaminate may cause inaccurate times.
  • Supply counts are checked every 10 seconds.